 Dungeon Crawl Stone Soup version 0.25-a0-804-g50c693f418 (webtiles) character file.

Game seed: 5290809506287912727, levelgen mode: deterministic

23 Esekla the Stinger (level 2, -5/15 HPs)
             Began as a Tengu Venom Mage on Apr 19, 2020.
             Slain by a gnoll
             ... wielding a +1 dagger of freezing
              (7 damage)
             ... on level 2 of the Dungeon.
             The game lasted 00:09:42 (863 turns).

Esekla the Stinger (Tengu Venom Mage)                Turns: 863, Time: 00:09:43

Health: -5/15      AC:  2    Str:  8    XL:     2   Next: 95%
Magic:  2/6        EV: 13    Int: 15    God:
Gold:   20         SH:  0    Dex: 14    Spells: 3/6 levels left

rFire    . . .     SeeInvis .   g - +0 dagger
rCold    . . .     Gourm    .   (no shield)
rNeg     . . .     Faith    .   a - +0 robe
rPois    .         Spirit   .   (helmet restricted)
rElec    .         Reflect  .   (no cloak)
rCorr    .         Harm     .   (no gloves)
MR       .....                  (boots unavailable)
Stlth    ++........             (no amulet)
HPRegen  0.05/turn              (no ring)
MPRegen  0.10/turn              (no ring)

@: very slightly contaminated
A: beak, talons 3
a: no special abilities


You were on level 2 of the Dungeon.
You were hungry.

You visited 1 branch of the dungeon, and saw 2 of its levels.

You collected 20 gold pieces.

Inventory:

Hand Weapons
 f - a +0 trident
 g - a +0 dagger (weapon)
Missiles
 e - 17 poisoned darts (quivered)
Armour
 a - a +0 robe (worn)
Jewellery
 b - an uncursed ring of ice
Scrolls
 d - a scroll of teleportation {unknown}
 h - a scroll of random uselessness {unknown}
 j - a scroll of fog {unknown}
 k - a scroll of blinking {unknown}
 l - a scroll of identify {unknown}
Potions
 i - a potion of lignification {unknown}
Comestibles
 c - 2 rations


   Skills:
 * Level 0.5 Short Blades
 * Level 2.6 Dodging
 - Level 2.0 Stealth
 * Level 2.7 Spellcasting
 - Level 0.7 Transmutations
 * Level 0.3 Air Magic
 - Level 3.0 Poison Magic


You had 3 spell levels left.
You knew the following spells:

 Your Spells              Type           Power        Failure   Level  Hunger
a - Sting                 Tmut/Pois      #...         10%         1    #......
b - Poisonous Vapours     Pois/Air       #.....       16%         2    ##.....

Your spell library contained the following spells:

 Spells                   Type           Power        Failure   Level  Hunger
 Ignite Poison            Fire/Tmut/Pois #.......     36%         3    ###....
 Mephitic Cloud           Conj/Pois/Air  #.......     36%         3    ###....
 Olgreb's Toxic Radiance  Pois           ##......     52%         4    #####..


Dungeon Overview and Level Annotations

Branches:
Dungeon (2/15)

Altars:


Innate Abilities, Weirdness & Mutations

You have a beak for a mouth.
You have claws for feet.


Message History

The gnoll is poisoned.
Casting: Poisonous Vapours (safe; 16% risk of failure)
Confirm with . or Enter, or press ? or * to list all spells.
You don't know that spell.
Casting: Poisonous Vapours (safe; 16% risk of failure)
Confirm with . or Enter, or press ? or * to list all spells.
Okay, then.
The gnoll throws a throwing net.
The throwing net hits you.
You become entangled in the net!
You stop ascending the stairs.
You can't do that while held in a net.
You tear a large gash into the net.
The gnoll hits you with a +1 dagger of freezing!
Ouch! That really hurt!
* * * LOW HITPOINT WARNING * * *
The gnoll freezes you.
* * * LOW HITPOINT WARNING * * *
You struggle against the net.
The gnoll hits you but does no damage.
You rip the net and break free!
The gnoll hits you but does no damage.
The gnoll hits you with a +1 dagger of freezing!
You die...

#.....#
#.....#
#.....#
#.....#
#######.....#
.h..hh.<....#
##รทรท...#
#.<....#
#@gg...#
#......#
#.###### #.#
#.# #.# #.#
#.# #.#


You could see 2 gnolls.

Vanquished Creatures
  An adder (D:2)
  A giant cockroach (D:1)
  3 goblins
  3 hobgoblins (D:1)
  A jackal (D:2)
  A kobold (D:1)
  A ball python (D:2)
  A frilled lizard (D:2)
12 creatures vanquished.

Notes
Turn   | Place    | Note
-------+----------+-------------------------------------------
     0 | D:1      | Esekla the Tengu Venom Mage began the quest for the Orb.
     0 | D:1      | Reached XP level 1. HP: 10/10 MP: 4/4
   191 | D:2      | Reached XP level 2. HP: 7/15 MP: 4/6
   226 | D:2      | Learned a level 2 spell: Poisonous Vapours
   863 | D:2      | Slain by a gnoll

Levels and vault maps discovered:
D:1:      matt_arrival_refuge, layout_loops_ring, minmay_heptomino_w4
D:2:      layout_rooms, lexackson_kobold_supper, uniq_robin,
          uniq_crazy_yiuf_cottage

Action                   || total
-------------------------++-------
Melee: Unarmed           ||     2
       Dagger            ||     3
       Peck              ||     1
Throw: Dart              ||     6
 Cast: Sting             ||     6
       Poisonous Vapours ||    11
 Stab: Sleeping          ||     1
Dodge: Dodged            ||    15

Table legend:
 A = Non-vault XP
 B = Vault XP
 C = Vault XP percentage of total XP
 D = Non-vault monster count
 E = Vault monster count
 F = Vault count percentage of total count
                 A         B        C        D         E       F
            +---------+---------+-------+---------+---------+-------
      Total |      33 |       0 |   0.0 |      12 |       0 |   0.0
            +---------+---------+-------+---------+---------+-------
        D:1 |      14 |       0 |   0.0 |       7 |       0 |   0.0
        D:2 |      19 |       0 |   0.0 |       5 |       0 |   0.0
            +---------+---------+-------+---------+---------+-------
